 Dungeon Crawl Stone Soup version 0.31.0-1-g2c135a0 (webtiles) character file.

Game seed: 14075190145365630099

3 OliveOil12345 the Thrower (level 1, 0/13 HPs)
             Began as a Gnoll Wanderer on Apr 8, 2024.
             Slain by a hobgoblin (4 damage)
             ... on level 1 of the Dungeon.
             The game lasted 00:01:29 (199 turns).

OliveOil12345 the Thrower (Gnoll Wanderer)           Turns: 199, Time: 00:01:29

Health: 0/13       AC:  3    Str: 11    XL:     1   Next: 50%
Magic:  4/4        EV: 10    Int: 10    God:
Gold:   0          SH:  0    Dex: 12    Spells: 4/5 levels left

rFire   . . .        a - +2 dagger
rCold   . . .        (no shield)
rNeg    . . .        e - +0 leather armour
rPois   .            (no helmet)
rElec   .            (no cloak)
rCorr   .            (no gloves)
SInv    .            (no boots)
Will    .....        (no amulet)
Stlth   +            (no ring)
HPRegen 0.22/turn    (no ring)
MPRegen 0.09/turn

%: no passive effects
@: no status effects
A: fangs 1, strong nose, distributed training
a: no special abilities


You were on level 1 of the Dungeon.
You visited 1 branch of the dungeon, and saw 1 of its levels.

Inventory:

Hand Weapons
 a - a +2 dagger (weapon)
Missiles
 b - 2 curare-tipped darts (quivered)
Armour
 e - a +0 leather armour (worn)
Wands
 c - a wand of polymorph (7)
Scrolls
 f - a scroll of blinking {unknown}
Potions
 d - a potion of curing


   Skills:
 + Level 0.0 Fighting
 + Level 0.0 Short Blades
 + Level 0.0 Long Blades
 + Level 0.0 Axes
 + Level 0.0 Maces & Flails
 + Level 0.0 Polearms
 + Level 0.0 Staves
 + Level 0.0 Ranged Weapons
 + Level 10.3 Throwing
 + Level 0.0 Armour
 + Level 0.0 Dodging
 + Level 0.0 Stealth
 + Level 0.0 Shields
 + Level 0.0 Unarmed Combat
 + Level 2.6 Spellcasting
 + Level 0.0 Conjurations
 + Level 0.0 Hexes
 + Level 0.0 Summonings
 + Level 0.0 Necromancy
 + Level 0.0 Translocations
 + Level 0.0 Fire Magic
 + Level 3.6 Ice Magic
 + Level 0.0 Air Magic
 + Level 0.0 Earth Magic
 + Level 0.0 Alchemy
 + Level 0.1 Invocations
 + Level 4.4 Evocations
 + Level 0.0 Shapeshifting


You had 4 spell levels left.
You knew the following spells:

 Your Spells              Type           Power      Damage    Failure   Level
a - Freeze                Ice            32%        1d5       9%          1

Your spell library contained the following spells:

 Spells                   Type           Power      Damage    Failure   Level
 Ozocubu's Armour         Ice            8%         N/A       26%         3


Dungeon Overview and Level Annotations

Branches:
Dungeon (1/15)

Altars:


Innate Abilities, Weirdness & Mutations

You have very sharp teeth.
Your uncanny sense of smell can sniff out nearby items.
Your experience applies equally to all skills.


Message History

The rat is poisoned.
The rat struggles to breathe.
You kill the rat!
A rat comes into view.
The rat squeaks loudly.
You hear a shout!
The rat moves out of view.
There is a stone staircase leading down here.
You hit the rat.
The rat is moderately wounded.
The rat bites you.
You closely miss the rat.
The rat is moderately wounded.
The rat twitches its whiskers.
The rat bites you.
You hit the rat. You bite the rat, but do no damage.
The rat is severely wounded.
The rat closely misses you.
You hit the rat.
You kill the rat!
HP restored.
b - 2 curare-tipped darts A hobgoblin comes into view.
You hit the hobgoblin.
The hobgoblin is lightly wounded.
The hobgoblin hits you.
You barely miss the hobgoblin.
The hobgoblin is lightly wounded.
A nearby fungus withers and dies.
The hobgoblin hits you.
You hit the hobgoblin but do no damage.
The hobgoblin is lightly wounded.
The hobgoblin hits you.
You barely miss the hobgoblin.
The hobgoblin is lightly wounded.
The hobgoblin hits you.
You completely miss the hobgoblin.
The hobgoblin is lightly wounded.
The hobgoblin barely misses you.
A goblin comes into view. It is wielding a +0 dagger.
Found a long runed staff.
The hobgoblin hits you.
You die...

### # #########.## .
.........#.#######.#
#######.###.>......# #
.......## ##.#####.#.#
#######.###..........###
#.#..............
#.#..#..@......#
###..###g###P### #..#
|... #..#g#.#.#
#..#......P #..# #.# #.#
...


P.P #.# ## You could see a hobgoblin and a goblin (wandering).

Vanquished Creatures
  A hobgoblin (D:1)
  A bat (D:1)
  2 rats (D:1)
4 creatures vanquished.

Notes
Turn   | Place    | Note
-------+----------+-------------------------------------------
     0 | D:1      | Reached skill level 10 in Throwing
     0 | D:1      | OliveOil12345 the Gnoll Wanderer began the quest for the
                  | Orb.
     0 | D:1      | OliveOil12345 set off with the following items: a +2
                  | dagger, 2 curare-tipped darts, a wand of polymorph (7), a
                  | potion of curing, a +0 leather armour; and the following
                  | spell memorised: Freeze; and the following spells available
                  | to memorise: Ozocubu's Armour.
     0 | D:1      | Reached XP level 1. HP: 13/13 MP: 4/4
   199 | D:1      | Slain by a hobgoblin

Illustrated notes

Levels and vault maps discovered:
D:1:      minmay_arrival_nine_rooms, layout_loops_ring,
          shapermc_ecumenical_altar_mp_urbaneastern, nicolae_titane

Skill      XL: | |
---------------+-+-----
Throwing       | | 10.3
Spellcasting   | |  2.6
Ice Magic      | |  3.6
Invocations    | |  0.1
Evocations     | |  4.4

Action                     || total
---------------------------++-------
  Melee: Dagger            ||    13
         Bite              ||     2
  Throw: Dart              ||     5
 Armour: Leather armour    ||     8
  Dodge: Dodged            ||     4
